PAAA
ALLOWAY HALBERDS @ BAKERSFIELD NOBLES
08/15/2018
 
TOP OF THE 1ST
Alloway Halberds batting - Pitching for Bakersfield Nobles : RHP Nate Rogers
Pitching: RHP Nate Rogers
Batting: LHB Jack Robbins 0-0: Foul Ball, location: 2F
0-1: Ball
1-1: Foul Ball, location: 2F
1-2: Foul Ball, location: 2F
1-2: Ball
2-2: Ball
3-2: Fly out, F8 (Flyball, 8RM)
Batting: RHB Bill Stewart 0-0: Called Strike
0-1: Called Strike
0-2: Strikes out swinging
Batting: RHB Jonathan Cundall 0-0: Swinging Strike
0-1: Foul Ball, location: 2F
0-2: Foul Ball, location: 2F
0-2: SINGLE (Groundball, 34)
Batting: LHB Matt Lee 0-0: 2-RUN HOME RUN (Flyball, 89XD), Distance : 389 ft
Batting: RHB Mark Davis 0-0: SOLO HOME RUN (Line Drive, 7D), Distance : 382 ft
Batting: RHB Juan Martínez 0-0: Ball
1-0: DOUBLE (Line Drive, 89S)
Batting: RHB Pedro Orozco 0-0: Ball
1-0: Foul Ball, location: 2F
1-1: SINGLE (Groundball, 56D) (infield hit)
Juan Martínez to third
Batting: RHB Brian Williams 0-0: Ball
1-0: Fly out, F7 (Line Drive, 78S)
Top of the 1st over - 3 run(s), 5 hit(s), 0 error(s), 2 left on base; Alloway 3 - Bakersfield 0
BOTTOM OF THE 1ST
Bakersfield Nobles batting - Pitching for Alloway Halberds : RHP Cole Johnson
Pitching: RHP Cole Johnson
Batting: RHB Bill Sackett 0-0: Foul Ball, location: 2F
0-1: SINGLE (Groundball, 56D)
Batting: LHB Paul Smith 0-0: Foul Ball, location: 2F
0-1: Ground out 5-3 (Groundball, 5S)
Bill Sackett to second
Batting: RHB Jorge Gonzáles 0-0: Ball
1-0: DOUBLE (Groundball, 5L)
Bill Sackett scores
Batting: RHB Kyle Bridges 0-0: Ball
1-0: Called Strike
1-1: Swinging Strike
1-2: Foul Ball, location: 2F
1-2: Reached on error, E5 (Groundball, 56)
Jorge Gonzáles scores
Batting: LHB Tim Walker 0-0: Ball
1-0: Called Strike
1-1: Called Strike
1-2: Strikes out swinging
Batting: RHB Jack Hatcher 0-0: Ball
1-0: Called Strike
1-1: SINGLE (Groundball, 56D)
Kyle Bridges to third
Runner from 3rd tries for Home, SAFE, no throw or cutoff
Batting: RHB Bill Wilhelm 0-0: Called Strike
Jack Hatcher steals 2nd base
0-1: Ground out 5-3 (Groundball, 5)
Bottom of the 1st over - 3 run(s), 3 hit(s), 1 error(s), 1 left on base; Alloway 3 - Bakersfield 3
TOP OF THE 2ND
Alloway Halberds batting - Pitching for Bakersfield Nobles : RHP Nate Rogers
Batting: RHB Anthony Johnston 0-0: Foul Ball, location: 2F
0-1: Ground out 6-3 (Groundball, 6M)
Batting: LHB Jack Robbins 0-0: Foul Ball, location: 2F
0-1: Ball
1-1: SINGLE (Flyball, 78S)
Batting: RHB Bill Stewart 0-0: Ball
Jack Robbins is caught stealing 2nd base
1-0: Ground out 6-3 (Groundball, 6M)
Top of the 2nd over - 0 run(s), 1 hit(s), 0 error(s), 0 left on base; Alloway 3 - Bakersfield 3
BOTTOM OF THE 2ND
Bakersfield Nobles batting - Pitching for Alloway Halberds : RHP Cole Johnson
Batting: LHB Phil Parkinson 0-0: Ball
1-0: Called Strike
1-1: Bunt missed!
1-2: Foul Ball, location: 2F
1-2: Ball
2-2: Fly out, F6 (Popup, 8LS)
Batting: RHB Ron Gérard 0-0: Fly out, F7 (Line Drive, 78M)
Batting: RHB Bill Sackett 0-0: Ball
1-0: Foul Ball, location: 2F
1-1: Ground out 4-3 (Groundball, 13)
Bottom of the 2nd over - 0 run(s), 0 hit(s), 0 error(s), 0 left on base; Alloway 3 - Bakersfield 3
TOP OF THE 3RD
Alloway Halberds batting - Pitching for Bakersfield Nobles : RHP Nate Rogers
Batting: RHB Jonathan Cundall 0-0: Ball
1-0: Swinging Strike
1-1: Foul Ball, location: 2F
1-2: Strikes out swinging
Batting: LHB Matt Lee 0-0: Foul Ball, location: 2F
0-1: Ball
1-1: Called Strike
1-2: Ball
2-2: Fly out, F5 (Popup, 5F)
Batting: RHB Mark Davis 0-0: Foul Ball, location: 2F
0-1: Called Strike
0-2: Foul Ball, location: 2F
0-2: Ball
1-2: Fly out, F7 (Flyball, 78D)
Top of the 3rd over - 0 run(s), 0 hit(s), 0 error(s), 0 left on base; Alloway 3 - Bakersfield 3
BOTTOM OF THE 3RD
Bakersfield Nobles batting - Pitching for Alloway Halberds : RHP Cole Johnson
Batting: LHB Paul Smith 0-0: DOUBLE (Line Drive, 5D)
Batting: RHB Jorge Gonzáles 0-0: Called Strike
0-1: Ball
1-1: Called Strike
1-2: Ball
2-2: Foul Ball, location: 2F
2-2: Strikes out swinging
Batting: RHB Kyle Bridges 0-0: Ball
1-0: Ground out 5-3 (Groundball, 56S)
Paul Smith to third
Batting: LHB Tim Walker 0-0: Ground out 4-3 (Groundball, 34)
Bottom of the 3rd over - 0 run(s), 1 hit(s), 0 error(s), 1 left on base; Alloway 3 - Bakersfield 3
TOP OF THE 4TH
Alloway Halberds batting - Pitching for Bakersfield Nobles : RHP Nate Rogers
Batting: RHB Juan Martínez 0-0: Foul Ball, location: 2F
0-1: SINGLE (Flyball, 9LS)
Batting: RHB Pedro Orozco 0-0: Ball
1-0: Ball
2-0: Called Strike
2-1: DOUBLE (Line Drive, 7LM)
Juan Martínez to third
Runner from 3rd tries for Home, throw and OUT!
Pedro Orozco to third
Batting: RHB Brian Williams 0-0: Called Strike
0-1: Ball
1-1: Foul Ball, location: 2F
1-2: Ball
2-2: Foul Ball, location: 2F
Single, Error in OF, E7, batter to second base
Pedro Orozco scores
Batting: RHB Anthony Johnston 0-0: Called Strike
0-1: Fly out, F8 (Flyball, 8LM)
Batting: LHB Jack Robbins 0-0: Swinging Strike
0-1: Swinging Strike
0-2: Ball
1-2: Hit by Pitch
Batting: RHB Bill Stewart 0-0: Called Strike
0-1: Fly out, F4 (Line Drive, 4)
Top of the 4th over - 1 run(s), 3 hit(s), 1 error(s), 2 left on base; Alloway 4 - Bakersfield 3
BOTTOM OF THE 4TH
Bakersfield Nobles batting - Pitching for Alloway Halberds : RHP Cole Johnson
Batting: RHB Jack Hatcher 0-0: Foul Ball, location: 2F
0-1: Fly out, F6 (Line Drive, 6)
Batting: RHB Bill Wilhelm 0-0: Called Strike
0-1: Foul Ball, location: 2F
0-2: Foul Ball, location: 2F
0-2: Strikes out swinging
Batting: LHB Phil Parkinson 0-0: Foul Ball, location: 2F
0-1: Foul Ball, location: 2F
0-2: Ball
1-2: Ball
2-2: Ball
3-2: Base on Balls
Batting: RHB Ron Gérard 0-0: Ball
1-0: Ball
2-0: Ball
3-0: Called Strike
3-1: Base on Balls
Phil Parkinson to second
Batting: RHB Bill Sackett 0-0: Ball
1-0: Foul Ball, location: 2F
1-1: Ball
2-1: SINGLE (Flyball, 9LS)
Phil Parkinson to third
Ron Gérard to second
Runner from 3rd tries for Home, SAFE, no throw or cutoff
Batting: LHB Paul Smith 0-0: Ground out 1-3 (Groundball, 13)
Bottom of the 4th over - 1 run(s), 1 hit(s), 0 error(s), 2 left on base; Alloway 4 - Bakersfield 4
TOP OF THE 5TH
Alloway Halberds batting - Pitching for Bakersfield Nobles : RHP Nate Rogers
Batting: RHB Jonathan Cundall 0-0: Swinging Strike
0-1: Ball
1-1: Foul Ball, location: 2F
1-2: Strikes out swinging
Batting: LHB Matt Lee 0-0: Ball
1-0: DOUBLE (Flyball, 7LM)
Batting: RHB Mark Davis 0-0: Ground out 2-3 (Groundball, 23)
Matt Lee to third
Batting: RHB Juan Martínez 0-0: Called Strike
0-1: Ball
1-1: Called Strike
1-2: Fly out, F3 (Line Drive, 34)
Top of the 5th over - 0 run(s), 1 hit(s), 0 error(s), 1 left on base; Alloway 4 - Bakersfield 4
BOTTOM OF THE 5TH
Bakersfield Nobles batting - Pitching for Alloway Halberds : RHP Cole Johnson
Batting: RHB Jorge Gonzáles 0-0: Fly out, F7 (Popup, 6D)
Batting: RHB Kyle Bridges 0-0: Called Strike
0-1: Ball
1-1: Fly out, F4 (Popup, 34D)
Batting: LHB Tim Walker 0-0: Foul Ball, location: 2F
0-1: Ball
1-1: Ball
2-1: Swinging Strike
2-2: Strikes out swinging
Bottom of the 5th over - 0 run(s), 0 hit(s), 0 error(s), 0 left on base; Alloway 4 - Bakersfield 4
TOP OF THE 6TH
Alloway Halberds batting - Pitching for Bakersfield Nobles : RHP Nate Rogers
Batting: RHB Pedro Orozco 0-0: Fly out, F8 (Flyball, 8RM)
Batting: RHB Brian Williams 0-0: Ground out 6-3 (Groundball, 6)
Batting: RHB Anthony Johnston 0-0: Called Strike
0-1: Foul Ball, location: 2F
0-2: Foul Ball, location: 2F
0-2: SINGLE (Line Drive, 4MD)
Batting: LHB Jack Robbins 0-0: Ball
1-0: SINGLE (Groundball, 25) (infield hit)
Anthony Johnston to second
Pinch Runner at 1st Tony Quintana:
Batting: RHB Bill Stewart 0-0: Ball
1-0: Ground out U3 (Groundball, 3)
Top of the 6th over - 0 run(s), 2 hit(s), 0 error(s), 2 left on base; Alloway 4 - Bakersfield 4
BOTTOM OF THE 6TH
Bakersfield Nobles batting - Pitching for Alloway Halberds : RHP Cole Johnson
Now in CF: Tony Quintana
Batting: RHB Jack Hatcher 0-0: Ball
1-0: Ball
2-0: Ball
3-0: Base on Balls
Batting: RHB Bill Wilhelm 0-0: Ball
1-0: Sac Bunt - play at second, runner OUT! 1-6
Batting: LHB Phil Parkinson 0-0: Ball
1-0: Ball
2-0: Fielders Choice at 2nd, 6-4 (Groundball, 6M)
Batting: RHB Ron Gérard 0-0: Ball
1-0: Ball
2-0: Foul Ball, location: 2F
2-1: Foul Ball, location: 2F
2-2: SINGLE (Groundball, 6MD)
Phil Parkinson to second
Pitching: LHP Henry Simpson
Batting: RHB Bill Sackett 0-0: Swinging Strike
0-1: Ball
1-1: Called Strike
1-2: Strikes out swinging
Bottom of the 6th over - 0 run(s), 1 hit(s), 0 error(s), 2 left on base; Alloway 4 - Bakersfield 4
TOP OF THE 7TH
Alloway Halberds batting - Pitching for Bakersfield Nobles : RHP Nate Rogers
Batting: RHB Jonathan Cundall 0-0: Ball
1-0: Foul Ball, location: 2F
1-1: Foul Ball, location: 2F
1-2: Ball
2-2: Foul Ball, location: 2F
2-2: Fly out, F3 (Popup, 23F)
Batting: LHB Matt Lee 0-0: Ball
1-0: Foul Ball, location: 2F
1-1: Ball
2-1: Foul Ball, location: 2F
2-2: Ground out 5-3 (Groundball, 56)
Batting: RHB Mark Davis 0-0: Swinging Strike
0-1: Swinging Strike
0-2: Strikes out swinging
Top of the 7th over - 0 run(s), 0 hit(s), 0 error(s), 0 left on base; Alloway 4 - Bakersfield 4
BOTTOM OF THE 7TH
Bakersfield Nobles batting - Pitching for Alloway Halberds : LHP Henry Simpson
Pinch Hitting: RHB Takaaki Kobayashi 0-0: Ball
1-0: Swinging Strike
1-1: Swinging Strike
1-2: Foul Ball, location: 2F
1-2: Foul Ball, location: 2F
1-2: Strikes out swinging
Batting: RHB Jorge Gonzáles 0-0: Ball
1-0: Ball
2-0: Ball
3-0: Called Strike
3-1: Fly out, F4 (Popup, 4MD)
Batting: RHB Kyle Bridges 0-0: Ball
1-0: Ball
2-0: Foul Ball, location: 2F
2-1: SINGLE (Groundball, 13) (infield hit)
Pinch Hitting: RHB Lawrence Olsen 0-0: Ball
1-0: Ball
2-0: Ball
3-0: Called Strike
3-1: Base on Balls
Kyle Bridges to second
Batting: RHB Jack Hatcher 0-0: Ball
1-0: Ball
2-0: Ball
3-0: Called Strike
3-1: Foul Ball, location: 2F
3-2: Foul Ball, location: 2F
3-2: Foul Ball, location: 2F
3-2: Foul Ball, location: 2F
3-2: Foul Ball, location: 2F
3-2: Foul Ball, location: 2F
3-2: Foul Ball, location: 2F
3-2: Base on Balls
Kyle Bridges to third
Lawrence Olsen to second
Pitching: RHP Gene Anderson
Batting: RHB Bill Wilhelm 0-0: Called Strike
0-1: Fly out, F9 (Flyball, 89S)
Bottom of the 7th over - 0 run(s), 1 hit(s), 0 error(s), 3 left on base; Alloway 4 - Bakersfield 4
TOP OF THE 8TH
Alloway Halberds batting - Pitching for Bakersfield Nobles : RHP Nate Rogers
Now at SS: Takaaki Kobayashi
Now in RF: Lawrence Olsen
Batting: RHB Juan Martínez 0-0: Ball
1-0: Ground out 1-3 (Groundball, 23)
Pinch Hitting: LHB Mathew Rose 0-0: Called Strike
0-1: Foul Ball, location: 2F
0-2: Ball
1-2: SINGLE (Groundball, 34D)
Batting: RHB Brian Williams 0-0: Called Strike
0-1: Ball
1-1: Called Strike
1-2: Foul Ball, location: 2F
1-2: Hit by Pitch
Mathew Rose to second
Pinch Hitting: LHB Kenji Takahashi 0-0: Ball
1-0: Ball
2-0: Fly out, F6 (Popup, 6M)
Pinch Hitting: RHB Tracy Larson 0-0: Called Strike
0-1: Ball
1-1: Ball
2-1: Foul Ball, location: 2F
2-2: Ball
3-2: Fly out, F9 (Flyball, 9S)
Top of the 8th over - 0 run(s), 1 hit(s), 0 error(s), 2 left on base; Alloway 4 - Bakersfield 4
BOTTOM OF THE 8TH
Bakersfield Nobles batting - Pitching for Alloway Halberds : RHP Gene Anderson
Now at SS: Tracy Larson
Now in LF: Frank Carter
Now in CF: Neil Ladner
Batting: LHB Phil Parkinson 0-0: Ball
1-0: Foul Ball, location: 2F
1-1: Ball
2-1: Ground out 6-3 (Groundball, 6)
Pinch Hitting: RHB Ken Fulton 0-0: Fly out, F6 (Popup, 6D)
Batting: RHB Bill Sackett 0-0: Ball
1-0: Foul Ball, location: 2F
1-1: Ball
2-1: Ball
3-1: Base on Balls
Batting: RHB Takaaki Kobayashi Pickoff Throw to First - Out!
Bottom of the 8th over - 0 run(s), 0 hit(s), 0 error(s), 0 left on base; Alloway 4 - Bakersfield 4
TOP OF THE 9TH
Alloway Halberds batting - Pitching for Bakersfield Nobles : RHP Nate Rogers
Pitching: RHP Jim Unknown
Now in RF: Jeffrey Gregg
Batting: RHB Bill Stewart 0-0: Hit by Pitch
Batting: RHB Jonathan Cundall 0-0: Swinging Strike
0-1: Ball
1-1: Called Strike
1-2: Ball
2-2: Ball
3-2: Fly out, F7 (Flyball, 78XD)
Batting: LHB Matt Lee 0-0: Called Strike
0-1: Ground out 4-3 (Groundball, 4M)
Bill Stewart to second
Batting: RHB Mark Davis 0-0: Ball
1-0: Fly out, F9 (Flyball, 9D)
Top of the 9th over - 0 run(s), 0 hit(s), 0 error(s), 1 left on base; Alloway 4 - Bakersfield 4
BOTTOM OF THE 9TH
Bakersfield Nobles batting - Pitching for Alloway Halberds : RHP Gene Anderson
Pitching: RHP Jim Unknown
Batting: RHB Takaaki Kobayashi 0-0: Called Strike
0-1: Called Strike
0-2: Fly out, F8 (Flyball, 8RM)
Batting: RHB Jorge Gonzáles 0-0: Ball
1-0: Ball
2-0: Ball
3-0: Called Strike
3-1: Called Strike
3-2: Base on Balls
Batting: RHB Kyle Bridges 0-0: Ball
1-0: Ball
2-0: Called Strike
2-1: Foul Ball, location: 2F
2-2: Reached on error, E5 (Groundball, 56)
Jorge Gonzáles to second
Batting: RHB Lawrence Olsen 0-0: Called Strike
0-1: Called Strike
0-2: Foul Ball, location: 2F
0-2: Ball
1-2: Strikes out looking
Batting: RHB Jack Hatcher 0-0: Foul Ball, location: 2F
0-1: Fly out, F1 (Line Drive, 15S)
Bottom of the 9th over - 0 run(s), 0 hit(s), 1 error(s), 2 left on base; Alloway 4 - Bakersfield 4
TOP OF THE 10TH
Alloway Halberds batting - Pitching for Bakersfield Nobles : RHP Jim Unknown
Batting: RHB Juan Martínez 0-0: Ball
1-0: Ball
2-0: Called Strike
2-1: Swinging Strike
2-2: Strikes out swinging
Batting: SHB Neil Ladner 0-0: Called Strike
0-1: Ball
1-1: Ball
2-1: Swinging Strike
2-2: Ground out 5-3 (Groundball, 56)
Batting: RHB Brian Williams 0-0: Foul Ball, location: 2F
0-1: Called Strike
0-2: Strikes out looking
Top of the 10th over - 0 run(s), 0 hit(s), 0 error(s), 0 left on base; Alloway 4 - Bakersfield 4
BOTTOM OF THE 10TH
Bakersfield Nobles batting - Pitching for Alloway Halberds : RHP Jim Unknown
Batting: RHB Bill Wilhelm 0-0: Called Strike
0-1: Ground out 4-3 (Groundball, 4M)
Batting: LHB Phil Parkinson 0-0: Called Strike
0-1: Foul Ball, location: 2F
0-2: Strikes out looking
Batting: LHB Jeffrey Gregg 0-0: Ball
1-0: SINGLE (Line Drive, 78S)
Batting: RHB Bill Sackett 0-0: Called Strike
0-1: Ball
1-1: Ground out 4-3 (Groundball, 4)
Bottom of the 10th over - 0 run(s), 1 hit(s), 0 error(s), 1 left on base; Alloway 4 - Bakersfield 4
TOP OF THE 11TH
Alloway Halberds batting - Pitching for Bakersfield Nobles : RHP Jim Unknown
Batting: RHB Frank Carter 0-0: Ground out 5-3 (Groundball, 15S)
Batting: RHB Tracy Larson 0-0: Ball
1-0: Called Strike
1-1: Ball
2-1: Swinging Strike
2-2: Strikes out looking
Batting: RHB Bill Stewart 0-0: Ball
1-0: Ball
2-0: Ball
3-0: Base on Balls
Batting: RHB Jonathan Cundall 0-0: Called Strike
0-1: Ball
1-1: Called Strike
1-2: Fielders Choice at 2nd, U4 (Groundball, 4M)
Top of the 11th over - 0 run(s), 0 hit(s), 0 error(s), 1 left on base; Alloway 4 - Bakersfield 4
BOTTOM OF THE 11TH
Bakersfield Nobles batting - Pitching for Alloway Halberds : RHP Jim Unknown
Pitching: RHP Manuel Reyes
Batting: RHB Takaaki Kobayashi 0-0: Ground out 4-3 (Groundball, 4)
Batting: RHB Jorge Gonzáles 0-0: SINGLE (Groundball, 6D)
Batting: RHB Kyle Bridges 0-0: Foul Ball, location: 2F
0-1: Ball
1-1: Ball
2-1: Swinging Strike
2-2: Ball
3-2: Foul Ball, location: 2F
3-2: Foul Ball, location: 2F
3-2: Foul Ball, location: 2F
3-2: SINGLE (Line Drive, 6MD)
Jorge Gonzáles to second
Batting: RHB Lawrence Olsen 0-0: Ball
1-0: Swinging Strike
1-1: Ball
2-1: Foul Ball, location: 2F
2-2: Strikes out swinging
Pinch Runner at 2nd Daniel Ruíz:
Batting: RHB Jack Hatcher 0-0: Ball
1-0: Foul Ball, location: 2F
1-1: Ball
2-1: SINGLE (Flyball, 8LS)
Daniel Ruíz to third
Kyle Bridges to second
Runner from 3rd tries for Home, SAFE, no throw or cutoff
This league is powered by Out of the Park Baseball, the baseball management simulation game for PC, Mac and Linux
Monday, May 4th, 2015 - OOTP Baseball 15.6 Build 34